 Dungeon Crawl Stone Soup version 0.25.1-2-g60ff931df9 (webtiles) character file.

Game seed: 2755594297047862552

79 funkygono the Covered (level 4, 40/40 HPs)
             Began as a Minotaur Fighter on Sept 23, 2020.
             Got out of the dungeon alive.
             The game lasted 00:04:05 (1685 turns).

funkygono the Covered (Minotaur Fighter)            Turns: 1685, Time: 00:04:06

Health: 40/40      AC:  7    Str: 22    XL:     4   Next: 16%
Magic:  3/3        EV:  7    Int:  5    God:
Gold:   105        SH:  9    Dex:  9    Spells: 3/3 levels left

rFire    . . .     SeeInvis .   a - +3 flail
rCold    . . .     Gourm    .   c - +0 kite shield
rNeg     . . .     Faith    .   b - +0 scale mail
rPois    .         Spirit   .   (helmet restricted)
rElec    .         Reflect  .   (no cloak)
rCorr    .         Harm     .   (no gloves)
MR       .....                  (no boots)
Stlth    ..........             (no amulet)
HPRegen  0.13/turn              (no ring)
MPRegen  0.08/turn              (no ring)

@: no status effects
A: retaliatory headbutt, horns 2
a: no special abilities


You escaped.
You were hungry.

You visited 1 branch of the dungeon, and saw 2 of its levels.

You collected 105 gold pieces.

Inventory:

Hand Weapons
 a - a +3 flail (weapon)
 h - a +0 hunting sling
Missiles
 i - 15 sling bullets
 k - 58 stones (quivered)
Armour
 b - a +0 scale mail (worn)
 c - a +0 kite shield (worn)
Scrolls
 e - 2 scrolls of remove curse
 j - 2 scrolls of blinking
 m - a scroll of fear {unknown}
Potions
 d - a potion of might
 l - a potion of flight {unknown}
Comestibles
 f - 6 rations
 g - a chunk of flesh


   Skills:
 + Level 4.1 Fighting
 + Level 3.4 Maces & Flails
 + Level 4.4 Armour
 + Level 0.5 Dodging
 + Level 4.4 Shields


You had 3 spell levels left.
You didn't know any spells.
Your spell library was empty.

Dungeon Overview and Level Annotations

Branches:
Dungeon (2/15)

Altars:


Innate Abilities, Weirdness & Mutations

You reflexively headbutt those who attack you in melee.
You have a pair of horns on your head.


Message History

Unknown command.
You see here a frilled lizard skeleton.
(D) Dungeon
Where to? (Enter - D:2, ? - help)
What level of the Dungeon? (default 1, ? - help)
You see here a +0 dagger.
There is a stone staircase leading up here.
You climb upwards.
There is a stone staircase leading down here.
You are feeling hungry.
There is an open gate here.
You see here a +0 dagger.
There is an open door here.
There is an open door here.
There is an open door here.
There is a staircase leading out of the dungeon here.
Are you sure you want to leave the Dungeon?
This will make you lose the game!
Alright, then stay!
Are you sure you want to leave the Dungeon?
This will make you lose the game!
You have escaped!

..............#≈.≈...≈.≈#.##.##.#
............#.#≈.......≈#.##.##.#
............#.#.........#.##.##.#
..............#.........#.##.##..
......).......#.........#........
...........#..#####'#####........
...........##.#...#.♣♣♣ #........
###........##.#...#♣..♣♣#....[...
###...........#.@.#♣♣♣.♣#........
....#####...#.#)..####'##........
......###..##.#...'....♣#........
.>..........#.###########........
.....#.####.............#........
.....#.#######........#..........
.....#.##...........)....###.....
####.#.##.####.#..#.####.....##..
#...........##...###.........#


There were no monsters in sight!

Vanquished Creatures
  3 adders (D:2)
  2 oozes
  A worm (D:2)
  A dart slug (D:1)
  A leopard gecko (D:2)
  6 bats
  A giant cockroach (D:2)
  4 goblins
  7 hobgoblins
  5 frilled lizards
  3 kobolds
  8 rats
42 creatures vanquished.

Notes
Turn   | Place    | Note
-------+----------+-------------------------------------------
     0 | D:1      | funkygono the Minotaur Fighter began the quest for the Orb.
     0 | D:1      | Reached XP level 1. HP: 19/19 MP: 0/0
   181 | D:1      | Reached XP level 2. HP: 23/27 MP: 1/1
   626 | D:2      | Reached XP level 3. HP: 33/33 MP: 2/2
  1297 | D:2      | Reached XP level 4. HP: 40/40 MP: 3/3
  1685 | D:$      | Got out of the dungeon alive.

Illustrated notes

Levels and vault maps discovered:
D:1:      scummos_arrival_gate, layout_rooms
D:2:      layout_basic, first_ration, minmay_pentomino_z4

Skill      XL: |  1  2  3 |
---------------+----------+-----
Armour         | 4 |  4.4
Shields        | 4 |  4.4
Fighting       | 4 |  4.1
Maces & Flails | 3 |  3.4
Dodging        | |  0.5

Action                   |  1- 3 |  4- 6 || total
-------------------------+-------+-------++-------
Melee: Flail             |   101 |     6 ||   107
       Headbutt          |    11 |     1 ||    12
  Use: Scroll            |     5 |       ||     5
  Eat: Chunk             |     1 |     1 ||     2
Armor: Scale mail        |    54 |     2 ||    56
Dodge: Dodged            |    39 |     3 ||    42
Block: Kite shield       |    80 |     2 ||    82
